 Dungeon Crawl Stone Soup version 0.31-a0-1074-g0b22e4e0f1 (webtiles) character file.

Game seed: 3716645280892334917

3767 Dirtsage the Carver (level 9, 0/59 (69) HPs)
             Began as a Demonspawn Monk on Nov 26, 2023.
             Was a Believer of Wu Jian.
             Slain by a hell rat (13 damage)
             ... on level 8 of the Dungeon.
             The game lasted 00:18:59 (8117 turns).

Dirtsage the Carver (Demonspawn Monk)               Turns: 8117, Time: 00:19:00

HP:   0/59 (69)     AC: 16    Str: 11    XL:     9   Next: 94%
MP:   9/9           EV:  7    Int: 12    God:    Wu Jian [**....]
Gold: 428           SH:  5    Dex: 20    Spells: 8/8 levels left

rFire   . . .        a - +0 falchion
rCold   . . .        r - +0 buckler
rNeg    . . .        B - +1 chain mail {rPois}
rPois   +            (no helmet)
rElec   .            g - +0 cloak
rCorr   .            (no gloves)
SInv    .            h - +0 pair of boots
Will    .....        (no amulet) Stlth
                     (no ring)
HPRegen 2.29/turn    (no ring)
MPRegen 0.11/turn

%: no passive effects
@: heavily drained
A: hooves 2, molten scales 2, powered by death 1
a: Renounce Religion, Wall Jump


You were on level 8 of the Dungeon.
You worshipped Wu Jian.
Wu Jian was pleased with you.
You visited 2 branches of the dungeon, and saw 9 of its levels.

You collected 428 gold pieces.

Inventory:

Hand Weapons
 a - a +0 falchion (weapon)
Missiles
 z - a throwing net
Armour
 b - a +0 robe
 d - an orb of light
 e - a +0 leather armour
 g - a +0 cloak (worn)
 h - a +0 pair of boots (worn)
 j - a +0 ring mail
 r - a +0 buckler (worn)
 B - a +1 chain mail of poison resistance (worn)
Jewellery
 W - a ring of wizardry
Wands
 x - a wand of flame (4) (quivered)
 A - a wand of light (1)
Scrolls
 f - 2 scrolls of revelation {unknown}
 i - 3 scrolls of immolation {unknown}
 l - 2 scrolls of poison {unknown}
 m - 3 scrolls of teleportation {unknown}
 o - a scroll of noise {unknown}
 s - 3 scrolls of fear {unknown}
 t - 2 scrolls of enchant weapon {unknown}
 u - 4 scrolls of identify {unknown}
 w - a scroll of silence {unknown}
 y - a scroll of blinking {unknown}
 D - a scroll of amnesia {unknown}
 G - a scroll of vulnerability {unknown}
Potions
 c - a potion of ambrosia
 k - 2 potions of magic {unknown}
 n - a potion of heal wounds {unknown}
 p - 3 potions of brilliance {unknown}
 q - 2 potions of curing
 v - 2 potions of might {unknown}
 C - a potion of degeneration {unknown}
 E - a potion of mutation {unknown}
 F - 3 potions of resistance {unknown}
 H - a potion of berserk rage {unknown}


   Skills:
 + Level 5.9 Fighting
 * Level 10.5 Long Blades
 + Level 4.4 Armour
 + Level 5.4 Dodging
 + Level 1.1 Shields


You had 8 spell levels left.
You didn't know any spells.
Your spell library contained the following spells:

 Spells                   Type           Power      Damage    Failure   Level
 Blink                    Tloc           0%         N/A       100%        2
 Lesser Beckoning         Tloc           0%         N/A       100%        2
 Momentum Strike          Conj/Tloc      0%         3d8       100%        2
 Poisonous Vapours        Pois/Air       0%         N/A       100%        2
 Mephitic Cloud           Conj/Pois/Air  0%         N/A       100%        3
 Manifold Assault         Tloc           0%         N/A       100%        4
 Freezing Cloud           Conj/Ice/Air   0%         6-21      100%        5


Dungeon Overview and Level Annotations

Branches:
Dungeon (8/15)             Temple (1/1) D:7
   Lair: D:8-11

Altars:
Ashenzari
Cheibriados
Dithmenos
Gozag
Kikubaaqudgha
Makhleb
Nemelex Xobeh
Qazlal
Sif Muna
Trog
Uskayaw
Vehumet
Wu Jian
Xom
Yredelemnul

Shops:
D:2 =

Annotations:
D:6 Jeremiah


Innate Abilities, Weirdness & Mutations

You have hoof-like feet.
You are mostly covered in molten scales. (AC +3)
You regenerate a little health from kills.


Message History

You closely miss the wight.
The wight is almost destroyed.
You block the wight's attack.
The wight hits you with a +0 short sword.
The wight hits you with a +0 scimitar!
You feel drained.
You take 13 damage, and have 27/63 hp.
MASSIVE DAMAGE!!
You spin and attack the wight.
You completely miss the wight.
The wight is moderately damaged.
You spin and attack the wight.
You hit the wight.
You destroy the wight!
The Council accepts your kill. You block the wight's attack.
The wight hits you but does no damage.
You lunge at the wight.
You hit the wight but do no damage.
The wight is almost destroyed.
You spin and attack the hell rat.
You hit the hell rat but do no damage.
You spin and attack the wight.
You barely miss the wight.
The wight is moderately damaged.
You block the hell rat's attack. The wight hits you with a +0 scimitar!
You feel drained. The wight completely misses you.
You take 9 damage, and have 19/61 hp.
You spin and attack the hell rat.
You hit the hell rat.
The hell rat is heavily wounded.
You spin and attack the wight.
You barely miss the wight.
The wight is moderately damaged.
The hell rat bites you but does no damage.
The wight hits you but does no damage.
The wight hits you from afar with a +0 spear!
* * * LOW HITPOINT WARNING * * *
You feel drained.
* * * LOW HITPOINT WARNING * * *
You take 8 damage, and have 11/59 hp.
You lunge at the wight.
You hit the wight.
You destroy the wight!
The Council accepts your kill.
You spin and attack the hell rat.
You hit the hell rat but do no damage.
The hell rat is heavily wounded.
You spin and attack the wight.
You hit the wight but do no damage.
The wight is moderately damaged.
The hell rat bites you!
You die...

. .. ... ... .########.. ...
...
#####........####'####'##
......#......#..........#
......#......#..........#
......#......#....).....#
......#......#.....)[...#
......'......#...r<.....#
(.....#......#..@z)##...#
......#......#..)).#....#
......#...................
..>...#........########.....
>.....#.......## .....
......#...^...# ..... #...
......#.......# .... #...
......#.......# #..F
......#.......# ##...


You could see a hell rat and a wight.

Vanquished Creatures
  Pikel (D:5)
  Prince Ribbit (D:6)
  2 steam dragons
  Edmund (D:4)
  A water moccasin (D:7)
  Duvessa (D:4)
  2 orc warriors
  3 ice beasts
  An ogre (D:6)
  2 centaurs
  2 lemures (D:5)
  2 bullfrogs
  2 gnoll sergeants
  9 wights
  Dowan (D:4)
  A howler monkey (D:8)
  2 hounds
  A jelly (D:5)
  A gnoll bouda (D:5)
  7 orc priests
  4 iguanas
  Ijyb (D:4)
  2 sleepcaps
  5 orc wizards
  Natasha (twice) (D:4)
  4 adders
  20 gnolls
  A shadow imp (D:6)
  A white imp (D:5)
  4 ufetubi (D:5)
  4 dart slugs
  24 orcs
  7 endoplasms
  8 giant cockroaches
  8 goblins
  7 hobgoblins
  7 jackals
  2 quokkas
  5 ball pythons
  8 bats
  3 frilled lizards
  5 kobolds
  3 rats
  A spectral hobgoblin (D:3)
179 creatures vanquished.

Notes
Turn   | Place    | Note
-------+----------+-------------------------------------------
     0 | D:1      | Dirtsage the Demonspawn Monk began the quest for the Orb.
     0 | D:1      | Reached XP level 1. HP: 18/18 MP: 1/1
   103 | D:1      | Reached skill level 3 in Long Blades
   235 | D:1      | Gained mutation: You are partially covered in molten
                  | scales. (AC +2) [demonic ancestry]
   235 | D:1      | Reached XP level 2. HP: 24/24 MP: 2/2
   925 | D:2      | Gained mutation: You are mostly covered in molten scales.
                  | (AC +3) [demonic ancestry]
   925 | D:2      | Reached XP level 3. HP: 28/29 MP: 3/3
   955 | D:2      | Found Rasoomp's Jewellery Boutique.
  1117 | D:2      | Reached skill level 4 in Long Blades
  1449 | D:3      | Gained mutation: You have large cloven feet. [demonic
                  | ancestry]
  1449 | D:3      | Reached XP level 4. HP: 14/35 MP: 4/4
  1805 | D:2      | Reached skill level 5 in Long Blades
  2093 | D:3      | Identified the +3 flail "Hedghekku" {flame, rN++ Stlth+}
  2200 | D:3      | Found a faded altar of an unknown god.
  2269 | D:3      | Reached XP level 5. HP: 41/41 MP: 5/5
  2461 | D:4      | Noticed a centaur
  2470 | D:4      | Killed a centaur
  2535 | D:4      | Reached skill level 6 in Long Blades
  2731 | D:4      | Noticed Natasha
  2738 | D:4      | Killed Natasha
  2814 | D:4      | Gained mutation: You regenerate a little health from kills.
                  | [demonic ancestry]
  2814 | D:4      | Reached XP level 6. HP: 43/47 MP: 6/6
  2902 | D:4      | Noticed Duvessa
  2923 | D:4      | Killed Duvessa
  3041 | D:4      | Noticed Dowan
  3066 | D:4      | Killed Dowan
  3167 | D:4      | Reached skill level 7 in Long Blades
  3354 | D:4      | Noticed Ijyb
  3373 | D:4      | Killed Ijyb
  3386 | D:4      | Reached XP level 7. HP: 48/49 MP: 7/7
  3472 | D:4      | Noticed Edmund
  3499 | D:4      | Killed Edmund
  3740 | D:4      | Reached skill level 8 in Long Blades
  3939 | D:5      | Entered Level 5 of the Dungeon
  3998 | D:4      | Noticed Natasha
  4008 | D:4      | Killed Natasha
  4315 | D:5      | Reached skill level 1 in Armour
  4554 | D:5      | Gained mutation: You have hoof-like feet. [demonic
                  | ancestry]
  4554 | D:5      | Reached XP level 8. HP: 58/58 MP: 8/8
  4618 | D:5      | Noticed Pikel
  4638 | D:5      | Killed Pikel
  4639 | D:5      | Reached skill level 9 in Long Blades
  5590 | D:5      | Reached XP level 9. HP: 66/66 MP: 9/9
  5719 | D:6      | Found a basalt altar of Yredelemnul.
  5774 | D:6      | Noticed Prince Ribbit
  5802 | D:6      | Killed Prince Ribbit
  5803 | D:6      | Reached skill level 5 in Fighting
  5960 | D:6      | Noticed Jeremiah
  6273 | D:7      | Found a staircase to the Ecumenical Temple.
  6280 | Temple   | Entered the Ecumenical Temple
  6287 | Temple   | Became a worshipper of the Wu Jian Council
  6287 | Temple   | Reached * piety under Wu Jian
  6287 | Temple   | Reached ** piety under Wu Jian
  6312 | D:7      | Reached skill level 10 in Long Blades
  6890 | D:7      | Reached skill level 5 in Dodging
  7958 | D:8      | Reached skill level 1 in Shields
  8003 | D:8      | Noticed a death yak
  8037 | D:8      | Noticed a death yak
  8037 | D:8      | Noticed a death yak
  8117 | D:8      | Slain by a hell rat

Illustrated notes

Levels and vault maps discovered:
D:1:      minmay_arrival_plants_in_alcoves, layout_loops_corners
D:2:      layout_basic, serial_shops, nicolae_shop_tiny_glass,
          minmay_pentomino_s4
D:3:      layout_basic, dreamdust_ecumenical_altar_drowned_temple,
          grunt_ministairs_10
D:4:      layout_loops_ring, lemuel_round_altar, uniq_natasha, uniq_duvessa,
          uniq_ijyb, uniq_edmund
D:5:      layout_loops_corners, uniq_pikel
D:6:      lemuel_ice_spiral_2, layout_basic, okawaru_metal_pillars_1_2,
          nicolae_overflow_crystal_walls, nicolae_overflow_hidden_temple,
          uniq_prince_ribbit1, uniq_jeremiah, uniq_menkaure
D:7:      layout_basic, mainiacjoe_overflow_catwalk, minmay_temple_entry_arrows
D:8:      layout_gridville, dpeg_lair_monsters,
          nicolae_concentric_dashed_squares_wild, nicolae_shop_i_like_big_books
Temple:   minmay_freezing_vapour_temple

Skill      XL: |  1  2  3  4  5  6  7  8  9 |
---------------+----------------------------+-----
Long Blades    | 3 4 5 6 7 8 9 10 | 10.5
Dodging        | 3 4 5 |  5.4
Armour         | 1 3 4 |  4.4
Fighting       | 4 5 |  5.9
Shields        | 1 |  1.1

Action                     |  1- 3 |  4- 6 |  7- 9 || total
---------------------------+-------+-------+-------++-------
  Melee: Falchion          |    83 |   220 |   579 ||   882
Ability: Whirlwind         |       |       |    85 ||    85
         Lunge             |       |       |    15 ||    15
  Evoke: Wand              |       |     2 |    38 ||    40
    Use: Potion            |       |       |     3 ||     3
   Stab: Invisible         |       |       |     7 ||     7
 Armour: Leather armour    |    28 |       |       ||    28
         Robe              |     1 |       |       ||     1
         Ring mail         |    22 |   139 |   261 ||   422
         Chain mail        |       |       |    65 ||    65
  Dodge: Dodged            |    44 |   137 |   275 ||   456
  Block: Buckler           |       |       |    18 ||    18

Table legend: (Time is in decaauts)
 A = Elapsed time spent in this place.
 B = Non-inter-level travel time spent in this place.
 C = Inter-level travel time spent in this place.
 D = Time resting spent in this place.
 E = Time spent auto-exploring this place.
 F = Levels seen in this place.
 G = Mean time per level.
                   A        B        C        D        E       F      G
               +--------+--------+--------+--------+--------+-----+--------+
         Total |   8071 |   7800 |    271 |    550 |   5528 |   9 |  896.8 |
       Dungeon |   8058 |   7791 |    267 |    550 |   5528 |   8 | 1007.2 |
        Temple |     12 |      8 |      4 |      0 |      0 |   1 |   12.0 |
               +--------+--------+--------+--------+--------+-----+--------+

Top non-repeatable levels by time:
     D:4: 1633 daAuts
     D:5: 1492 daAuts
     D:7: 1206 daAuts
     D:3: 841 daAuts
     D:1: 833 daAuts
     D:8: 814 daAuts
     D:2: 805 daAuts
     D:6: 431 daAuts
  Temple: 12 daAuts
